 Dungeon Crawl Stone Soup version 0.30-a0-122-g2a1322497e (webtiles) character file.

Game seed: 18212325868404546239

36768 greasedhog the Covert (level 13, -8/80 HPs)
             Began as a Gargoyle Enchanter on Sept 15, 2022.
             Was a Priest of Dithmenos.
             Killed by the air
             ... invoked by Gastronok
              (23 damage)
             ... on level 10 of the Dungeon.
             The game lasted 00:35:35 (20498 turns).

greasedhog the Covert (Gargoyle Enchanter)         Turns: 20498, Time: 00:35:36

Health: -8/80      AC: 24    Str: 21    XL:     13   Next: 92%
Magic:  11/25      EV: 29    Int: 16    God:    Dithmenos [***...]
Gold:   827        SH:  0    Dex: 17    Spells: 18/28 levels left

rFire   + + .      SeeInvis .    Q - +6 rapier "Beetle's Demise" {flame, +Blink Will+ Dex+3}
rCold   . . .      Faith    .    (no shield)
rNeg    + . .      Spirit   .    I - +0 steam dragon scales
rPois   ∞          Reflect  .    t - +0 helmet
rElec   +          Harm     .    G - +0 cloak
rCorr   .          Rampage  .    L - +2 pair of gloves {infuse}
Will    ++...                    b - +2 pair of boots {Fly}
Stlth   ++++++++..               P - amulet "Kaeth" {Acrobat rF+ Str+2}
HPRegen 0.23/turn                D - ring of Otimydgh {rF+ Str+6}
MPRegen 0.19/turn                r - ring of willpower

@: confusing by touch, acrobatic, flying, wreathed by umbra
A: sickness immunity, AC +9, negative energy resistance 1, electricity
resistance, torment resistance 1, petrification resistance
a: Renounce Religion, Evoke Blink, Shadow Step


You were on level 10 of the Dungeon.
You worshipped Dithmenos.
Dithmenos was most pleased with you.
You visited 3 branches of the dungeon, and saw 16 of its levels.
You also visited: Bailey.

You collected 1188 gold pieces.
You spent 361 gold pieces at shops.

Inventory:

Hand Weapons
 f - a +7 dagger of draining
 u - a +0 rapier
 Q - the +6 rapier "Beetle's Demise" (weapon) {flame, +Blink Will+ Dex+3}
   (You bought it in a shop on level 10 of the Dungeon)

   It burns those it strikes, dealing additional fire damage.
   Dex:       It affects your dexterity (+3).
   +Blink:    It lets you blink.
   Will:      It increases your willpower.
Armour
 b - a +2 pair of boots of flying (worn)
 t - a +0 helmet (worn)
 G - a +0 cloak (worn)
 I - +0 steam dragon scales (worn)
 L - a +2 pair of gloves of infusion (worn)
Jewellery
 c - a ring of protection from fire
 r - a ring of willpower (right hand)
 D - the ring of Otimydgh (left hand) {rF+ Str+6}
   (You acquired it in a bailey)

   [ring of strength]

   Str:       It affects your strength (+6).
   rF:        It protects you from fire.
 E - an amulet of regeneration
 P - the amulet "Kaeth" (around neck) {Acrobat rF+ Str+2}
   (You found it on level 5 of the Lair of Beasts)

   [amulet of the acrobat]

   It increases your evasion while moving and waiting.
   Str:       It affects your strength (+2).
   rF:        It protects you from fire.
Wands
 H - a wand of iceblast (15)
 J - a wand of paralysis (15)
 M - a wand of flame (5)
Scrolls
 a - 2 scrolls of blinking
 g - 9 scrolls of teleportation
 k - 2 scrolls of summoning
 l - 3 scrolls of enchant armour
 v - 3 scrolls of vulnerability
 x - a scroll of immolation {unknown}
 y - 5 scrolls of fear
 z - a scroll of brand weapon
 A - 2 scrolls of amnesia
 B - 3 scrolls of poison
 C - 3 scrolls of magic mapping
 F - a scroll of torment
 K - 2 scrolls of butterflies
 O - a scroll of silence {unknown}
Potions
 d - 4 potions of flight
 e - 6 potions of degeneration
 h - 4 potions of curing
 i - a potion of haste
 j - 4 potions of attraction
 m - 4 potions of brilliance
 n - 3 potions of mutation
 o - a potion of ambrosia {unknown}
 p - 2 potions of magic {unknown}
 q - 6 potions of heal wounds {unknown}
 s - a potion of lignification {unknown}
 w - 4 potions of might
 N - 3 potions of cancellation {unknown}


   Skills:
 * Level 8.8 Fighting
 - Level 10.0 Short Blades
 - Level 5.0 Armour
 * Level 4.7 Dodging
 - Level 13.0 Stealth
 * Level 8.1 Spellcasting
 - Level 10.0 Hexes
 - Level 6.0 Translocations


You had 18 spell levels left.
You knew the following spells:

 Your Spells              Type           Power      Damage    Failure   Level
a - Ensorcelled Hibernat  Hex/Ice        44%        N/A       2%          2
b - Confusing Touch       Hex            38%        N/A       1%          3
c - Tukima's Dance        Hex            38%        N/A       1%          3
d - Blink                 Tloc           50%        N/A       1%          2

Your spell library contained the following spells:

 Spells                   Type           Power      Damage    Failure   Level
 Apportation              Tloc           50%        N/A       1%          1
 Slow                     Hex            100%       N/A       1%          1
 Lesser Beckoning         Tloc           25%        N/A       2%          3
 Dazzling Flash           Conj/Hex       44%        N/A       4%          3
 Manifold Assault         Tloc           25%        N/A       10%         4
 Passage of Golubria      Tloc           25%        N/A       10%         4
 Necrotise                Necr           24%        1d5       11%         1
 Sandblast                Erth           12%        2d6       11%         1
 Shock                    Conj/Air       24%        1d4       11%         1
 Summon Small Mammal      Summ           24%        N/A       11%         1
 Passwall                 Tmut/Erth      5%         N/A       17%         2
 Scorch                   Fire           12%        2d6       17%         2
 Frozen Ramparts          Ice            12%        1d2       32%         3
 Ozocubu's Armour         Ice            6%         N/A       32%         3
 Stone Arrow              Conj/Erth      12%        3d7       32%         3
 Swiftness                Air            6%         N/A       32%         3
 Vampiric Draining        Necr           6%         2d6       32%         3
 Metabolic Englaciation   Hex/Ice        11%        N/A       36%         5
 Silence                  Hex/Air        11%        N/A       36%         5
 Summon Forest            Summ/Tloc      8%         N/A       65%         5
 Airstrike                Air            3%         2d(1-17)  73%         4
 Flame Wave               Conj/Fire      6%         2d5       73%         4
 Ice Form                 Ice/Tmut       6%         N/A       73%         4
 Summon Ice Beast         Ice/Summ       6%         N/A       73%         4
 Agony                    Necr           6%         N/A       97%         5
 Eringya's Noxious Bog    Tmut/Pois      3%         N/A       100%        6
 Simulacrum               Ice/Necr       3%         N/A       100%        6
 Summon Cactus Giant      Summ           3%         N/A       100%        6
 Summon Hydra             Summ           3%         N/A       100%        7
 Lehudib's Crystal Spear  Conj/Erth      3%         10d2      100%        8


Dungeon Overview and Level Annotations

Branches:
Dungeon (10/15)            Temple (1/1) D:4            Lair (5/5) D:9
 Shoals (0/4) Lair:3        Snake (0/4) Lair:3        Slime (0/5) Lair:5
 Bailey (visited)
    Orc: D:9-12

Altars:
Ashenzari
Cheibriados
Dithmenos
Elyvilon
Fedhas
Gozag
Hepliaklqana
Kikubaaqudgha
Makhleb
Nemelex Xobeh
Okawaru
Qazlal
Ru
Sif Muna
Trog
Uskayaw
Vehumet
Wu Jian
Xom
Yredelemnul
Zin
The Shining One
Jiyva

Shops:
D:1 =   D:6 ?   D:9 =   D:10 (

Portals:
Hell: Lair:5

Annotations:
D:10 Gastronok


Innate Abilities, Weirdness & Mutations

You are immune to sickness and miasma.
Your stone body is resilient. (AC +9)
You are immune to poison.
You resist negative energy. (rN+)
You are resistant to electric shocks. (rElec)
You are resistant to unholy torment.
You are immune to petrification.


Message History

There is an entrance to Leniel's Antique Weapon Emporium here.
Q - the +6 rapier "Beetle's Demise" {flame, +Blink Will+ Dex+3} Thank you for shopping at Leniel's Antique Weapon Emporium!
There is an open door here.
There is an open door here.
Gastronok is nearby!
Gastronok gurgles horribly!
There is an open door here.
You feel agile.
The +6 rapier "Beetle's Demise" {flame, +Blink Will+ Dex+3} bursts into flame!
Q - the +6 rapier "Beetle's Demise" (weapon)
{flame, +Blink Will+ Dex+3}
Okay, then.
Casting: Confusing Touch (safe; 1% risk of failure)
Confirm with . or Enter, or press ? or * to list all spells.
Your hands begin to glow red.
Gastronok waves his eye-stalks in wide circles.
The air twists around and strikes you!
You hit Gastronok but do no damage. You hit Gastronok but do no damage.
Gastronok waves his eye-stalks in wide circles.
The air twists around and strikes you!!
You hit Gastronok but do no damage. You punch Gastronok, but do no damage.
You hit Gastronok but do no damage. Gastronok bites you!
You hit Gastronok but do no damage. You hit Gastronok but do no damage.
You hit Gastronok but do no damage. Gastronok bites you but does no damage.
You hit Gastronok but do no damage. You hit Gastronok but do no damage.
You hit Gastronok but do no damage. Gastronok closely misses you.
The yak bellows!
You hit Gastronok but do no damage. You hit Gastronok but do no damage.
You hit Gastronok but do no damage.
Gastronok waves his eye-stalks in wide circles.
The air twists around and strikes you!!
* * * LOW HITPOINT WARNING * * *
There is an open door here.
Gastronok waves his eye-stalks in wide circles.
The air twists around and strikes you!!
You die...

###..#####.....###....##....#####
.....# #........#....##########
.###.# #....###......)........#
...#.#####....######.)..#######..
##.#....<......# #.##..## ###
##....)[...#'#.# #.###[.#
##.##..[.[.#∩#.# ### ##.####
#####......###.##########[...####
#..........'@.......##.#.##..
#####.....(....##.#####.##.#....#
...............##.# #.##.##....
...............##Y#####....##....
......##########..w........##.)..
......# #...........##.<..
......# #...........##.[(.
......# ##'########.##....
......# #.. #..'....


You could see Gastronok and a yak.

Vanquished Creatures
  A dire elephant (Lair:5)
  2 hydras (Lair:5)
  2 two-headed ogres (D:9)
  4 death yaks
  Nergalle (Lair:2)
  A sixfirhy (Lair:5)
  A lindwurm (Lair:3)
  An orc knight (Bailey)
  A wizard (Lair:5)
  An elephant (Lair:5)
  2 black mambas
  An eye of devastation (Lair:5)
  2 orange demons (Lair:5)
  2 torpor snails
  6 rime drakes
  9 cane toads
  Psyche (D:8)
  A hellwing (Lair:5)
  12 komodo dragons
  2 ice devils (Lair:5)
  A troll (D:10)
  2 polar bears
  A hornet (D:9)
  6 dream sheep
  10 blink frogs
  2 wraiths
  A shadow (D:10)
  4 wyverns
  Eustachio (D:6)
  31 yaks
  5 vampire mosquitoes
  A steam dragon (D:9)
  3 basilisks
  A naga (Lair:3)
  10 water moccasins
  3 hell hounds (Lair:5)
  A floating eye (Lair:5)
  17 orc warriors
  A sky beast (D:7)
  An ogre (D:4)
  2 black bears (D:6)
  2 ice beasts (D:5)
  8 wolves (Lair:2)
  5 centaurs
  2 phantoms (D:5)
  3 kobold brigands
  2 necrophages
  8 bullfrogs
  3 scorpions
  8 wights
  9 killer bees
  2 howler monkeys
  An electric eel (Lair:4)
  2 hounds
  3 jellies
  11 orc priests
  4 iguanas
  7 orc wizards
  Robin (D:3)
  9 gnolls
  15 adders
  A white imp (D:5)
  An ufetubus (D:5)
  2 dart slugs
  2 worms (D:2)
  49 orcs
  6 endoplasms
  5 giant cockroaches
  15 goblins
  9 hobgoblins
  4 jackals (D:2)
  3 quokkas
  5 ball pythons
  6 bats
  A frilled lizard (D:1)
  14 kobolds
  5 rats
390 creatures vanquished.

Vanquished Creatures (others)
  An orc wizard (D:9)
  4 fungi (Lair:5)
  37 plants
42 creatures vanquished.

Grand Total: 432 creatures vanquished

Notes
Turn   | Place    | Note
-------+----------+-------------------------------------------
     0 | D:1      | greasedhog the Gargoyle Enchanter began the quest for the
                  | Orb.
     0 | D:1      | Reached XP level 1. HP: 10/10 MP: 3/3
    31 | D:1      | Reached skill level 1 in Short Blades
   144 | D:1      | Reached skill level 1 in Fighting
   294 | D:1      | Reached XP level 2. HP: 16/16 MP: 5/5
   652 | D:1      | Found Hosecoud's Jewellery Shop.
   888 | D:1      | Reached XP level 3. HP: 18/21 MP: 6/6
  1216 | D:2      | Found a sparkling altar of Nemelex Xobeh.
  1348 | D:2      | Reached XP level 4. HP: 16/26 MP: 7/7
  1638 | D:2      | Reached skill level 4 in Stealth
  1738 | D:2      | Found a faded altar of an unknown god.
  2046 | D:3      | Identified the +4 mace "Marrig" {vorpal, Int+3 Dex+4}
  2311 | D:2      | Reached XP level 5. HP: 30/30 MP: 8/8
  2452 | D:3      | Noticed Robin
  2471 | D:3      | Killed Robin
  2476 | D:3      | Reached skill level 5 in Stealth
  2598 | D:3      | Reached XP level 6. HP: 26/33 MP: 9/9
  3002 | D:3      | Learned a level 2 spell: Ensorcelled Hibernation
  3428 | D:4      | Found a staircase to the Ecumenical Temple.
  3448 | Temple   | Entered the Ecumenical Temple
  3651 | D:4      | Identified the +7 whip "Hydrabane" {spect, rPois}
  3691 | D:4      | Learned a level 3 spell: Confusing Touch
  4327 | D:4      | Reached XP level 7. HP: 40/40 MP: 10/10
  4414 | D:5      | Entered Level 5 of the Dungeon
  4701 | D:5      | Reached skill level 5 in Short Blades
  4985 | D:5      | Reached skill level 5 in Hexes
  4985 | D:5      | Reached XP level 8. HP: 43/46 MP: 11/11
  5032 | D:5      | Learned a level 3 spell: Tukima's Dance
  5035 | D:5      | Learned a level 2 spell: Blink
  5474 | D:5      | Noticed a komodo dragon
  5595 | D:5      | Killed a komodo dragon
  5596 | D:5      | Reached skill level 5 in Fighting
  5840 | D:6      | Reached skill level 1 in Armour
  5949 | D:6      | Noticed Eustachio
  5970 | D:6      | Killed Eustachio
  5971 | D:6      | Reached XP level 9. HP: 47/54 MP: 12/12
  6181 | D:6      | Found Cashiast's Magic Scroll Boutique.
  6266 | D:6      | Bought a scroll of poison for 44 gold pieces
  6266 | D:6      | Bought a scroll of identify for 22 gold pieces
  6266 | D:6      | Bought a scroll of identify for 22 gold pieces
  6266 | D:6      | Bought a scroll of identify for 22 gold pieces
  6266 | D:6      | Bought a scroll of fear for 44 gold pieces
  7068 | D:7      | Reached skill level 5 in Armour
  7764 | D:8      | Found a flagged portal.
  7907 | Bailey   | Entered a bailey
  7935 | Bailey   | Reached skill level 6 in Stealth
  8214 | Bailey   | Reached skill level 7 in Stealth
  8218 | Bailey   | Reached XP level 10. HP: 57/59 MP: 7/13
  8351 | Bailey   | Reached skill level 8 in Stealth
  8362 | Bailey   | Acquired the ring of Otimydgh {rF+ Str+6}
  8365 | Bailey   | Noticed an orc knight
  8405 | Bailey   | Killed an orc knight
  8746 | D:8      | Reached skill level 9 in Stealth
  8932 | D:8      | Noticed Psyche
  8943 | D:8      | Killed Psyche
  9175 | D:8      | Found a shadowy altar of Dithmenos.
  9255 | D:8      | Became a worshipper of Dithmenos the Shadowed
  9295 | D:8      | Found a basalt altar of Yredelemnul.
  9295 | D:8      | Found a blossoming altar of Fedhas.
  9698 | D:9      | Reached skill level 10 in Stealth
  9712 | D:9      | Reached skill level 10 in Hexes
 10021 | D:9      | Noticed a two-headed ogre
 10024 | D:9      | Killed a two-headed ogre
 10025 | D:9      | Reached XP level 11. HP: 64/64 MP: 14/14
 10054 | D:9      | Reached skill level 11 in Stealth
 10390 | D:9      | Reached * piety under Dithmenos
 10611 | D:9      | Found a staircase to the Lair.
 10808 | D:9      | Noticed a two-headed ogre
 10813 | D:9      | Killed a two-headed ogre
 10926 | D:9      | Found Orusk's Jewellery Shop.
 11145 | D:10     | Entered Level 10 of the Dungeon
 11544 | D:10     | Noticed Gastronok
 11895 | D:10     | Reached skill level 12 in Stealth
 12382 | D:10     | Found Leniel's Antique Weapon Emporium.
 12418 | D:10     | Reached ** piety under Dithmenos
 12441 | D:10     | HP: 1/64 [Gastronok/the air (23)]
 12851 | Lair:1   | Entered Level 1 of the Lair of Beasts
 13005 | Lair:1   | Reached skill level 13 in Stealth
 13497 | Lair:1   | Reached skill level 1 in Translocations
 13497 | Lair:1   | Reached XP level 12. HP: 68/68 MP: 15/15
 13819 | Lair:2   | Noticed Nergalle
 13837 | Lair:2   | Killed Nergalle
 14328 | Lair:2   | Found a blossoming altar of Fedhas.
 15269 | Lair:3   | Found a staircase to the Shoals.
 15455 | Lair:3   | Found a staircase to the Snake Pit.
 15925 | Lair:4   | Noticed a death yak
 15925 | Lair:4   | Noticed a death yak
 15925 | Lair:4   | Noticed a death yak
 15925 | Lair:4   | Noticed a death yak
 15929 | Lair:4   | Killed a death yak
 15932 | Lair:4   | Killed a death yak
 15933 | Lair:4   | Reached skill level 5 in Spellcasting
 15970 | Lair:4   | Killed a death yak
 16046 | Lair:3   | Killed a death yak
 16565 | Lair:4   | Reached skill level 5 in Translocations
 16900 | Lair:4   | Reached skill level 10 in Short Blades
 17082 | Lair:4   | Reached XP level 13. HP: 74/74 MP: 14/21
 17180 | Lair:4   | Reached *** piety under Dithmenos
 17717 | Lair:5   | Entered Level 5 of the Lair of Beasts
 17831 | Lair:5   | Identified the amulet "Kaeth" {Acrobat rF+ Str+2}
 18378 | Lair:5   | Found a staircase to the Slime Pits.
 18380 | Lair:5   | Found a viscous altar of Jiyva.
 19058 | Lair:5   | Found a burning altar of Makhleb.
 19139 | Lair:5   | HP: 1/79 [ice devil (16)]
 19174 | Lair:5   | Noticed a dire elephant
 19179 | Lair:5   | Killed a dire elephant
 20125 | Lair:5   | Found a gateway to Hell.
 20456 | D:10     | Bought a shimmering rapier for 207 gold pieces
 20456 | D:10     | Identified the +6 rapier "Beetle's Demise" {flame, +Blink
                  | Will+ Dex+3} (You bought it in a shop on level 10 of the
                  | Dungeon)
 20498 | D:10     | Killed from afar by Gastronok

Illustrated notes

Levels and vault maps discovered:
D:1:      minmay_arrival_jagged, layout_basic, serial_shops, shop
D:2:      layout_rooms, basic_altar, chequers_ecumenical_altar_twisty,
          minmay_misc_feat_alley, minmay_tromino_i2
D:3:      minmay_skewed_foursquare, layout_loops_ring, uniq_robin
D:4:      layout_loops_ring, temple_pool_b
D:5:      layout_rooms, minmay_chambers_of_fives
D:6:      layout_basic, portal_sewer_entry_f, hangedman_decor_points,
          kennysheep_windowed_goal, uniq_eustachio
D:7:      layout_loops_corners, minivault_27
D:8:      layout_basic, gammafunk_temple_overflow_statue,
          nicolae_dithmenos_through_a_glass_darkly, enter_bailey_2,
          minmay_orc_keep, uniq_psyche
D:9:      layout_loops_ring, erik_lair_dragon, serial_shops, shop
D:10:     minmay_clustersquares, layout_basic, serial_shops,
          nicolae_shop_window_shopping, uniq_gastronok
Temple:   nicolae_temple_bog_church
Lair:1:   layout_cave_pods
Lair:2:   layout_gridlike, basic_altar, uniq_nergalle
Lair:3:   layout_cave_pods, shoals_dummy_entry, guppyfry_snake_entry_island,
          grunt_megastairs_4
Lair:4:   layout_regular_city, nicolae_volcano_entry_two_sided,
          nicolae_lair_grazing_beasts [nicolae_sub_lair_graze_edge,
          nicolae_sub_lair_graze_edge, nicolae_sub_lair_graze_edge,
          nicolae_sub_lair_graze_edge], infiniplex_staircase_pool,
          lemuel_fruit_fields, serial_bayou_shore_b
Lair:5:   evil_forest, layout_regular_city, minmay_slime_entry_eyes

Skill      XL: |  1  2  3  4  5  6  7  8  9 10 11 12 13 |
---------------+----------------------------------------+-----
Short Blades   | 1 2 3 4 5 8 10 | 10.0
Fighting       | 1 2 3 5 8 |  8.8
Stealth        | 4 5 7 10 13 | 13.0
Hexes          | 3 5 6 8 10 | 10.0
Armour         | 3 5 |  5.0
Translocations | 1 5 6 |  6.0
Spellcasting   | 5 8 |  8.1
Dodging        | 4 |  4.7

Action                   |  1- 3 |  4- 6 |  7- 9 | 10-12 | 13-15 || total
-------------------------+-------+-------+-------+-------+-------++-------
Melee: Dagger            |    93 |   160 |   338 |   849 |   441 ||  1881
       Punch             |       |     1 |     4 |    17 |     7 ||    29
       Rapier            |       |       |       |       |    13 ||    13
 Cast: Ensorcelled Hiber |       |     4 |     1 |    25 |       ||    30
       Confusing Touch   |       |       |    12 |    33 |     7 ||    52
       Tukima's Dance    |       |       |       |     3 |       ||     3
Invok: Shadow Step       |       |       |       |       |     1 ||     1
  Use: Scroll            |     4 |     3 |    11 |     9 |       ||    27
       Potion            |       |     1 |       |     5 |     5 ||    11
 Stab: Sleeping          |     5 |     9 |     5 |    38 |    13 ||    70
       Invisible         |       |     2 |       |     3 |       ||     5
       Confused          |       |       |    10 |    25 |     5 ||    40
       Distracted        |       |       |     1 |       |       ||     1
Armor: Robe              |    31 |     6 |       |       |       ||    37
       Leather armour    |       |    36 |   144 |    82 |       ||   262
       Steam dragon scal |       |       |       |   245 |   119 ||   364
Dodge: Dodged            |    39 |    69 |   187 |   487 |   144 ||   926

Table legend: (Time is in decaauts)
 A = Elapsed time spent in this place.
 B = Non-inter-level travel time spent in this place.
 C = Inter-level travel time spent in this place.
 D = Time resting spent in this place.
 E = Time spent auto-exploring this place.
 F = Levels seen in this place.
 G = Mean time per level.
                   A        B        C        D        E       F      G
               +--------+--------+--------+--------+--------+-----+--------+
         Total |  19926 |  18971 |    955 |   4618 |  10651 |  17 | 1172.1 |
       Dungeon |  12000 |  11303 |    697 |   2756 |   6353 |  10 | 1200.0 |
        Temple |    162 |    160 |      2 |      0 |    142 |   1 |  162.0 |
          Lair |   7053 |   6797 |    256 |   1411 |   4156 |   5 | 1410.6 |
        Bailey |    709 |    709 |      0 |    451 |      0 |   1 |  709.0 |
               +--------+--------+--------+--------+--------+-----+--------+

Top non-repeatable levels by time:
  Lair:5: 2292 daAuts
     D:9: 2190 daAuts
  Lair:4: 1368 daAuts
    D:10: 1263 daAuts
  Lair:2: 1253 daAuts
     D:2: 1246 daAuts
     D:5: 1223 daAuts
  Lair:3: 1221 daAuts
     D:1: 1129 daAuts
     D:8: 1116 daAuts
     D:6: 1108 daAuts
     D:3: 1017 daAuts
     D:4: 929 daAuts
  Lair:1: 918 daAuts
     D:7: 774 daAuts
